 Dungeon Sprint DCSS version 0.28.0-53-g5a82cb258f (webtiles) character file.

Game seed: 6668015231388232647

141 Zeld the Skirmisher (level 5, 0/53 HPs)
             Began as a Minotaur Berserker on June 4, 2022.
             Was a Priest of Trog.
             Slain by a smoke demon (2 damage)
             ... summoned by a kobold demonologist
             ... in the Dungeon (Sprint III: "The Ten Rune Challenge").
             The game lasted 00:00:25 (645 turns).

Zeld the Skirmisher (Minotaur Berserker)             Turns: 645, Time: 00:00:26

Health: 0/53       AC:  2    Str: 23    XL:     5   Next: 3%
Magic:  4/4        EV: 13    Int:  4    God:    Trog [***...]
Gold:   20         SH:  0    Dex: 10    Spells: 4/4 levels left

rFire   . . .      SeeInvis .   a - +0 hand axe
rCold   . . .      Faith    .   (no shield)
rNeg    . . .      Spirit   .   b - +0 animal skin
rPois   .          Reflect  .   (helmet restricted)
rElec   .          Harm     .   (no cloak)
rCorr   .          Rampage  .   (no gloves)
Will    .....      NoTele   +   (no boots)
Stlth   +.........              (no amulet)
HPRegen 0.17/turn               (no ring)
MPRegen 0.09/turn               (no ring)

@: no status effects
A: horns 2, retaliatory headbutt
a: Renounce Religion, Berserk, Trog's Hand


You were in the Dungeon.
You worshipped Trog.
Trog was most pleased with you.
You visited 1 branch You collected 20 gold pieces.

Inventory:

Hand Weapons
 a - a +0 hand axe (weapon)
Armour
 b - a +0 animal skin (worn)
Scrolls
 h - a scroll of blinking
 i - a scroll of torment {unknown}
 j - 3 scrolls of identify
 l - a scroll of immolation {unknown}
Potions
 c - 3 potions of curing
 d - a potion of heal wounds
 e - a potion of haste
 f - 2 potions of magic
 g - 3 potions of berserk rage
 k - a potion of flight {unknown}
 m - 4 potions of mutation


   Skills:
 * Level 7.9 Fighting
 * Level 7.8 Axes
 + Level 5.3 Armour
 + Level 4.9 Dodging


You had 4 spell levels left.
You didn't know any spells.
Your spell library was empty.

Dungeon Overview and Level Annotations

Branches:
Dungeon (1/1)

Altars:
Kikubaaqudgha
Sif Muna
Vehumet


Innate Abilities, Weirdness & Mutations

You have a pair of horns on your head.
You reflexively headbutt those who attack you in melee.


Message History

The kobold demonologist completely misses you.
You miss the kobold demonologist.
The kobold demonologist is moderately wounded.
The kobold demonologist hits you with a +0 dagger.
You barely miss the kobold demonologist.
The kobold demonologist is moderately wounded.
You hit the smoke demon. The smoke demon gestures at you. Something smites you!
The kobold demonologist mumbles some strange words.
Unknown command.
You hit the kobold demonologist but do no damage.
The kobold demonologist is moderately wounded.
You hit the smoke demon. You hit the iron imp but do no damage.
You hit the crimson imp. The smoke demon gestures at you.
The ball of steam hits you!
Unknown command.
You are too injured to fight recklessly!
You hit the kobold demonologist.
Your punch misses the kobold demonologist.
The kobold demonologist is heavily wounded.
You hit the smoke demon but do no damage.
You hit the iron imp. You closely miss the crimson imp.
You are engulfed in a cloud of scalding steam.
The kobold demonologist hits you with a +0 dagger.
The crimson imp misses you. The smoke demon misses you.
The smoke demon barely misses you. The smoke demon hits you.
The iron imp misses you.
You barely miss the kobold demonologist.
Your headbutt misses the kobold demonologist.
The kobold demonologist is moderately wounded.
You hit the crimson imp. You barely miss the iron imp. You hit the smoke demon.
You are engulfed in a cloud of scalding steam.
* * * LOW HITPOINT WARNING * * *
The crimson imp blinks!
The kobold demonologist hits you with a +0 dagger.
* * * LOW HITPOINT WARNING * * *
The smoke demon closely misses you. The smoke demon hits you.
You die...

.#....).#####..#
##.......#..#..#
.##.##...#..#..###+#+###
.##.###..##'#..#..5.....
####.##†.###...'.⌠......
##..##..####...#...#####
.†..##..###....#.⌠.#
#..##...##÷....#§5.#
..##....#......#@###
.###..##.#.....#K3:# .#
#..#####....#___# ▓▓
▓▓▓▓ ▓▓▓▓▓▓▓▓▓▓


You could see a kobold demonologist, a smoke demon (summoned), an iron imp
(summoned) and a crimson imp (summoned).

Vanquished Creatures
  A water elemental (D)
  Jessica (D)
  A wizard (D)
  A human (D)
  A wolf (D)
  An endoplasm (D)
  2 rats (D)
8 creatures vanquished.

Notes
Turn   | Place    | Note
-------+----------+-------------------------------------------
     0 | D        | Zeld the Minotaur Berserker began the quest for the Orb.
     0 | D        | Reached XP level 1. HP: 19/19 MP: 0/0
   202 | D        | Noticed Jessica
   206 | D        | Killed Jessica
   206 | D        | Reached ** piety under Trog
   207 | D        | Reached skill level 5 in Fighting
   207 | D        | Reached skill level 5 in Axes
   207 | D        | Reached XP level 2. HP: 29/29 MP: 1/1
   214 | D        | Reached XP level 3. HP: 36/36 MP: 2/2
   581 | D        | Noticed a water elemental
   585 | D        | Killed a water elemental
   586 | D        | Reached skill level 5 in Armour
   586 | D        | Reached XP level 4. HP: 47/47 MP: 3/3
   635 | D        | Found a radiant altar of Vehumet.
   635 | D        | Found a shimmering blue altar of Sif Muna.
   635 | D        | Found an ancient bone altar of Kikubaaqudgha.
   635 | D        | Noticed a wizard
   637 | D        | Killed a wizard
   637 | D        | Reached *** piety under Trog
   638 | D        | Reached XP level 5. HP: 49/53 MP: 4/4
   640 | D        | Noticed a smoke demon
   645 | D        | HP: 2/53 [kobold demonologist/+0 dagger (3)]
   645 | D        | Slain by a smoke demon

Illustrated notes

Levels and vault maps discovered:
D:        dungeon_sprint_mu [sprint_mu_entry_cave, sprint_mu_temple_rooms,
          sprint_mu_d1_spiders, sprint_mu_d2_genie, sprint_mu_d3_branching,
          sprint_mu_orc_legion, sprint_mu_elf_gauntlet, sprint_mu_hive_nellie,
          sprint_mu_lair_fedhas, sprint_mu_vaults_butterflies,
          sprint_mu_slime_circle, sprint_mu_shoals_archi,
          sprint_mu_snake_twists, sprint_mu_blade_basic, sprint_mu_crypt_lich,
          sprint_mu_tomb_spiral, sprint_mu_vestibule_basic,
          sprint_mu_gehenna_hellfire, sprint_mu_dis_giant,
          sprint_mu_tartarus_statrot, sprint_mu_cocytus_islands, sprint_mu_zot1]

Skill      XL: |  1  2  3 |
---------------+----------+-----
Fighting       | 5 7 |  7.9
Axes           | 5 7 |  7.8
Armour         | 3 5 |  5.3
Dodging        | 3 4 |  4.9

Action                   |  1- 3 |  4- 6 || total
-------------------------+-------+-------++-------
Melee: Hand axe          |    19 |     9 ||    28
       Headbutt          |     2 |     2 ||     4
Invok: Berserk           |     3 |       ||     3
Armor: Animal skin       |     3 |       ||     3
Dodge: Dodged            |    13 |     6 ||    19
